AoeStats
← K

Arena

508764930Analyzed
4v4 RM · 10d ago on Sep 24, 2026· 63m 25s· 8 players
Game mode
Random Map
Map size
Large (8 player)
Population
200
Speed
Normal
Resources
Standard
Victory
Conquest
Starting age
Dark Age
Ending age
Imperial Age
RankedLock teamsTeams togetherTeam positionsShared explorationLock speedFull tech treeHidden civsTurbo modeCheats
Victory
Defeat
🇪🇨 Slavs · Ecuador
1257
+13
🇨🇦 Poles · Canada
1233
+14
🇨🇴 Franks · Colombia
1230
+14
🇺🇸 Khmer · United States
1152
+18
🇲🇽 Tatars · Mexico
1201
-15
🇬🇧 Dravidians · United Kingdom
1195
-15
🇺🇸 Chinese · United States
1193
-15
🇦🇷 Byzantines · Argentina
1179
-14
Klingsor
10:30 Feudal Age
11:15 Double-Bit Axe
14:09 Castle Age
12:14 Horse Collar
12:27 Gold Mining
16:02 Bow Saw
19:23 Town Watch
20:16 Wheelbarrow
21:21 Heavy Plow
22:25 Stone Mining
23:02 Loom
28:29 Imperial Age
26:37 Husbandry
26:44 Scale Barding Armor
28:02 Bloodlines
28:13 Chain Barding Armor
28:06 Forging
29:23 Iron Casting
28:22 Light Cavalry
30:39 Chemistry
30:16 Gold Shaft Mining
29:41 Cavalier
30:59 Hand Cart
32:15 Plate Barding Armor
32:49 Conscription
33:51 Blast Furnace
34:28 Siege Engineers
34:44 Ballistics
34:05 Treadmill Crane
35:09 Timurid Siegecraft
34:48 Onager
35:28 Sappers
35:20 Hussar
36:41 Onager
39:35 Caravan
42:44 Capped Ram
44:07 Bombard Tower
45:26 Heavy Camel Rider
51:53 Heavy Scorpion
57:58 Padded Archer Armor
57:51 Fletching
58:29 Guard Tower
K
11:02 Feudal Age
15:24 Castle Age
13:37 Double-Bit Axe
14:00 Horse Collar
16:52 Bow Saw
22:19 Gold Mining
24:28 Wheelbarrow
24:16 Heavy Plow
24:50 Loom
24:51 Town Watch
25:06 Stone Mining
25:52 Padded Archer Armor
26:20 Scale Mail Armor
29:03 Imperial Age
26:49 Hand Cart
26:55 Fletching
27:43 Leather Archer Armor
26:50 Pikeman
27:31 Squires
27:28 Gambesons
28:28 Thumb Ring
28:21 Bodkin Arrow
29:24 Forging
29:30 Chain Mail Armor
30:54 Two-Man Saw
29:46 Elite Elephant Archer
29:49 Halberdier
32:04 Chemistry
32:08 Iron Casting
32:05 Plate Mail Armor
32:45 Bracer
34:18 Ring Archer Armor
34:55 Blast Furnace
34:17 Arson
35:26 Wootz Steel
36:20 Ring Archer Armor
36:15 Conscription
36:01 Medical Corps
40:51 Masonry
40:36 Murder Holes
40:27 Arrowslits
41:22 Hoardings
41:09 Siege Elephant
45:16 Scale Barding Armor
45:05 Light Cavalry
47:23 Husbandry
54:41 Onager
57:09 Siege Onager
R3laxer
0:26 Loom
10:23 Feudal Age
14:30 Castle Age
12:49 Double-Bit Axe
13:27 Horse Collar
15:50 Bow Saw
19:33 Wheelbarrow
21:25 Hand Cart
21:59 Stone Mining
22:20 Gold Mining
27:31 Imperial Age
25:37 Ballistics
25:09 Fletching
25:23 Padded Archer Armor
25:45 Bodkin Arrow
26:34 Stone Shaft Mining
26:39 Heavy Plow
27:01 Leather Archer Armor
27:14 Thumb Ring
28:39 Conscription
29:22 Chemistry
28:23 Bracer
28:54 Ring Archer Armor
30:09 Two-Man Saw
30:20 Masonry
30:59 Gold Shaft Mining
30:42 Elite Chu Ko Nu
53:52 Caravan
55:21 Murder Holes
55:58 Architecture
[VL] Tupen Dior
8:45 Feudal Age
15:39 Castle Age
16:19 Crossbowman
17:54 Fletching
18:02 Fletching
19:13 Padded Archer Armor
22:55 Loom
23:38 Bodkin Arrow
24:39 Double-Bit Axe
26:12 Leather Archer Armor
27:50 Bow Saw
27:20 Horse Collar
29:33 Forging
30:37 Scale Barding Armor
33:43 Gold Mining
34:24 Husbandry
37:47 Iron Casting
38:14 Chain Barding Armor
43:58 Imperial Age
45:16 Plate Barding Armor
44:03 Cavalier
44:45 Heavy Camel Rider
46:33 Paladin
53:11 Arbalester
The Spirit of Bonnie Blue
11:26 Feudal Age
12:24 Double-Bit Axe
15:17 Castle Age
14:03 Horse Collar
15:06 Loom
15:57 Wheelbarrow
16:04 Heavy Plow
22:28 Hand Cart
22:37 Gold Mining
28:28 Imperial Age
26:30 Forging
26:25 Scale Barding Armor
27:26 Bow Saw
28:05 Iron Casting
28:10 Bloodlines
28:00 Husbandry
28:44 Chain Barding Armor
28:58 Cavalier
29:48 Town Watch
30:48 Conscription
33:24 Blast Furnace
33:39 Town Patrol
33:59 Stone Mining
35:18 Crop Rotation
35:11 Fortified Wall
35:12 Masonry
40:22 Light Cavalry
42:17 Winged Hussar
46:38 Lechitic Legacy
48:47 Szlachta Privileges
57:01 Onager
59:06 Ballistics
59:46 Chemistry
58:55 Siege Engineers
Kestrel
10:03 Feudal Age
14:23 Castle Age
14:03 Stone Mining
14:00 Double-Bit Axe
14:14 Gold Mining
16:30 Scale Barding Armor
19:08 Loom
22:24 Fletching
31:50 Imperial Age
31:21 Chain Barding Armor
31:11 Forging
30:57 Bodkin Arrow
31:19 Fortified Wall
31:21 Masonry
33:32 Plate Barding Armor
33:32 Architecture
34:48 Wheelbarrow
35:00 Iron Casting
34:27 Husbandry
33:48 Cavalier
36:18 Conscription
36:32 Bow Saw
37:29 Blast Furnace
37:32 Gold Shaft Mining
37:12 Scale Mail Armor
36:50 Paladin
37:45 Chivalry
40:29 Chain Mail Armor
42:15 Light Cavalry
44:35 Architecture
44:12 Siege Engineers
43:50 Treadmill Crane
45:11 Chemistry
44:07 Murder Holes
48:48 Pikeman
49:29 Squires
49:14 Gambesons
49:15 Arson
50:18 Hoardings
50:18 Ballistics
49:53 Halberdier
51:45 Plate Mail Armor
54:21 Padded Archer Armor
57:10 Caravan
Jinxo
9:50 Feudal Age
14:04 Castle Age
12:22 Double-Bit Axe
12:47 Horse Collar
14:47 Wheelbarrow
14:48 Town Watch
16:47 Bow Saw
20:16 Loom
21:51 Hand Cart
22:53 Heavy Plow
24:12 Gold Mining
24:13 Stone Mining
27:36 Imperial Age
25:42 Scale Barding Armor
25:55 Town Patrol
26:45 Forging
26:57 Chain Barding Armor
27:06 Masonry
28:01 Iron Casting
28:16 Gold Shaft Mining
28:02 Scale Mail Armor
28:31 Ballistics
28:38 Fletching
29:35 Plate Barding Armor
29:16 Husbandry
29:27 Bloodlines
29:25 Squires
28:46 Man-at-Arms
29:15 Capped Ram
29:59 Bodkin Arrow
31:12 Chemistry
29:39 Pikeman
32:01 Blast Furnace
31:23 Conscription
31:01 Light Cavalry
31:06 Halberdier
31:23 Long Swordsman
32:39 Chain Mail Armor
32:33 Padded Archer Armor
32:02 Two-Handed Swordsman
33:51 Druzhina
35:52 Onager
37:52 Plate Mail Armor
37:45 Siege Onager
39:42 Padded Archer Armor
39:04 Elite Skirmisher
43:01 Leather Archer Armor
44:46 Two-Man Saw
44:25 Ring Archer Armor
48:18 Champion
48:32 Hussar
48:44 Siege Ram
51:17 Crop Rotation
59:54 Coinage
63:53 Caravan
64:23 Banking
General Ganja
9:35 Feudal Age
13:32 Castle Age
11:48 Double-Bit Axe
12:44 Horse Collar
15:33 Bow Saw
23:04 Wheelbarrow
22:39 Loom
25:08 Hand Cart
28:07 Imperial Age
28:31 Heavy Scorpion
30:11 Double Crossbow
30:31 Conscription
31:31 Chemistry
31:19 Heavy Plow
33:30 Ballistics
35:44 Crop Rotation
35:05 Gold Mining
35:05 Stone Mining
37:30 Hoardings
36:24 Capped Ram
37:42 Bloodlines
36:53 Light Cavalry
37:33 Husbandry
38:58 Coinage
38:29 Caravan
39:13 Gold Shaft Mining
39:14 Stone Shaft Mining
39:01 Scale Barding Armor
39:07 Forging
38:48 Fletching
38:46 Siege Ram
38:50 Hussar
40:42 Chain Barding Armor
40:39 Elite Battle Elephant
42:59 Plate Barding Armor
43:00 Iron Casting
42:02 Elite Ballista Elephant
43:26 Tusk Swords
46:45 Blast Furnace
45:41 Bodkin Arrow
45:55 Siege Engineers
46:01 Masonry
45:47 Murder Holes
46:03 Fortified Wall
49:28 Banking
52:05 Architecture
54:10 Bracer
Connection lost

Rejoining the realm…

Still unreachable

The connection could not be restored.

Session expired

The server has moved on; the page needs a fresh start.